 Dungeon Crawl Stone Soup version 0.31-a0-486-g8d68a81214 (webtiles) character file.

Game seed: 930237121632464908

5 AstroCodex24 the Shield-Bearer (level 1, 0/17 HPs)
             Began as a Vampire Fighter on Aug 7, 2023.
             Was an Initiate of Ashenzari.
             Slain by an orc priest
             ... wielding a +0 club
              (4 damage)
             ... on level 4 of the Dungeon.
             The game lasted 00:01:06 (193 turns).

AstroCodex24 the Shield-Bearer (Vampire Fighter)     Turns: 193, Time: 00:01:06

Health: 0/17       AC:  6    Str: 15    XL:     1   Next: 66%
Magic:  1/1        EV:  8    Int: 10    God:    Ashenzari [......]
Gold:   0          SH:  4    Dex: 13    Spells: 0/0 levels left

rFire   . . .        a - +0 war axe
rCold   . . .        c - +0 buckler
rNeg    . . .        b - +0 scale mail
rPois   .            (no helmet)
rElec   .            (no cloak)
rCorr   .            (no gloves)
SInv    +            (no boots)
Will    .....        (no amulet) Stlth
                     (no ring)
HPRegen 0.42/turn    (no ring)
MPRegen 0.07/turn

%: no passive effects
@: healing quickly
A: alive, fangs 3, see invisible, vampiric 1
a: Exsanguinate, Renounce Religion, Curse Item


You were on level 4 of the Dungeon.
You worshipped Ashenzari.
Ashenzari was noncommittal.
You visited 1 branch of the dungeon, and saw 4 of its levels.

Inventory:

Hand Weapons
 a - a +0 war axe (weapon)
Armour
 b - a +0 scale mail (worn)
 c - a +0 buckler (worn)
Scrolls
 e - a scroll of fog {unknown}
 f - a scroll of enchant armour {unknown}
Potions
 d - a potion of might


   Skills:
 + Level 2.7 Fighting
 + Level 1.7 Axes
 + Level 2.6 Armour
 + Level 2.8 Shields


You couldn't memorise any spells.
You didn't know any spells.
Your spell library was empty.

Dungeon Overview and Level Annotations

Branches:
Dungeon (4/15)
 Temple: D:4-7

Altars:
Ashenzari


Innate Abilities, Weirdness & Mutations

Your natural rate of healing is accelerated.
You have razor-sharp teeth.
You have supernaturally acute eyesight. (SInv)
You are afflicted with vampirism.


Message History

a +0 dagger; a kobold corpse
There is a stone staircase leading down here.
You climb downwards.
Found a ring mail and 3 poisoned darts.
There is a stone staircase leading up here.
You see here a +0 ring mail.
Found a scroll labelled MUIHUC IRYXT.
f - a scroll labelled MUIHUC IRYXT
Okay, then.
You don't know any spells.
An orc comes into view. It is wielding a +0 flail.
The orc shouts!
You hear a shout! x2
An orc priest comes into view. It is wielding a +0 club.
An orc comes into view. It is wielding a +0 hand axe.
The orc priest shouts!
An orc comes into view.
It is wielding a +0 whip and wearing a +1 leather armour of fire resistance.
An orc comes into view. It is wielding a +0 whip.
Found 24 gold pieces.
The orc shouts! x2
Found a stone staircase leading down.
The orc hits you but does no damage. The orc priest hits you with a +0 club.
You barely miss the orc priest. You closely miss the orc.
The orc hits you with a +0 flail. The orc priest barely misses you.
You completely miss the orc priest. You hit the orc. You barely miss the orc.
The orc hits you with a +0 flail. The orc hits you but does no damage.
The orc priest closely misses you.
You hit the orc priest.
The orc priest is lightly wounded.
You hit the orc but do no damage. You closely miss the orc.
You block the orc's attack. The orc hits you but does no damage.
The orc priest calls upon Beogh to heal the orc.
The orc's wounds heal themselves!
The orc closely misses you. The orc hits you with a +0 whip.
* * * LOW HITPOINT WARNING * * *
The orc priest hits you but does no damage.
You hit the orc priest.
The orc priest is moderately wounded.
You closely miss the orc. You barely miss the orc.
The orc hits you but does no damage. The orc priest hits you with a +0 club.
You die...

##.>###
.#.$$..
.....
....# #...
#..# #oo#
#oo# .
#o@# #.#
##..##..#
#......# #
#...#####.
#..## #..
#..# #.#
#..# #.#
#..# #.#
##### #..#
##.##.....


You could see an orc priest and 4 orcs.

Vanquished Creatures
  2 endoplasms
  A kobold (D:3)
  A quokka (D:2)
4 creatures vanquished.

Notes
Turn   | Place    | Note
-------+----------+-------------------------------------------
     0 | D:1      | AstroCodex24 the Vampire Fighter began the quest for the
                  | Orb.
     0 | D:1      | Reached XP level 1. HP: 17/17 MP: 1/1
    35 | D:3      | Found a faded altar of an unknown god.
    56 | D:3      | Prayed at the altar of an unknown god.
    56 | D:3      | Became a worshipper of Ashenzari the Shackled
   184 | D:4      | Noticed an orc priest
   193 | D:4      | Slain by an orc priest

Illustrated notes

Levels and vault maps discovered:
D:1:      lightli_molten_gateway, layout_basic
D:2:      layout_rooms
D:3:      layout_basic, grunt_ashenzari_visionary
          [grunt_ashenzari_visionary_swamp, grunt_ashenzari_visionary_spider],
          nicolae_overflow_hallway_of_the_gods, basic_ecumenical_altar
D:4:      layout_loops_ring, elyvilon_altar_1, kennysheep_potato

Action                     || total
---------------------------++-------
  Melee: War axe           ||    14
         Bite              ||     3
 Armour: Scale mail        ||     8
  Dodge: Dodged            ||     4
  Block: Buckler           ||     4

Table legend: (Time is in decaauts)
 A = Elapsed time spent in this place.
 B = Non-inter-level travel time spent in this place.
 C = Inter-level travel time spent in this place.
 D = Time resting spent in this place.
 E = Time spent auto-exploring this place.
 F = Levels seen in this place.
 G = Mean time per level.
                   A        B        C        D        E       F      G
               +--------+--------+--------+--------+--------+-----+--------+
         Total |    197 |    197 |      0 |      0 |      0 |   4 |   49.2 |
       Dungeon |    197 |    197 |      0 |      0 |      0 |   4 |   49.2 |
               +--------+--------+--------+--------+--------+-----+--------+

Top non-repeatable levels by time:
     D:4: 114 daAuts
     D:3: 46 daAuts
     D:2: 34 daAuts
     D:1: 2 daAuts
